 Dungeon Crawl Stone Soup version 0.26-a0-1164-g1a551d6a14 (webtiles) character file.

Game seed: 7974109566026103239

53 melloss the Conjurer (level 3, 0/19 HPs)
             Began as a Deep Elf Fire Elementalist on Dec 23, 2020.
             Slain by a gnoll
             ... wielding a +0 club
              (4 damage)
             ... on level 2 of the Dungeon.
             The game lasted 00:03:19 (1244 turns).

melloss the Conjurer (Deep Elf Fire Elementalist)   Turns: 1244, Time: 00:03:19

Health: 0/19       AC:  2    Str:  5    XL:     3   Next: 62%
Magic:  3/9        EV: 13    Int: 20    God:
Gold:   109        SH:  0    Dex: 15    Spells: 7/8 levels left

rFire    . . .     SeeInvis .   (no weapon)
rCold    . . .     Faith    .   (no shield)
rNeg     . . .     Spirit   .   a - +0 robe
rPois    .         Reflect  .   (no helmet)
rElec    .         Harm     .   (no cloak)
rCorr    +         Rampage  .   (no gloves)
Will     .....                  (no boots)
Stlth    ++........             (no amulet)
HPRegen  0.06/turn              e - ring of resist corrosion
MPRegen  0.11/turn              (no ring)

@: no status effects
A: no striking features
a: no special abilities


You were on level 2 of the Dungeon.
You visited 1 branch of the dungeon, and saw 2 of its levels.

You collected 109 gold pieces.

Inventory:

Armour
 a - a +0 robe (worn)
Jewellery
 e - a ring of resist corrosion (left hand)
Scrolls
 b - a scroll of identify {unknown}
 f - a scroll of magic mapping {unknown}
 g - a scroll of remove curse {unknown}
Potions
 c - a potion of curing {unknown}
 d - a potion of brilliance {unknown}
 h - 2 potions of haste {unknown}


   Skills:
 - Level 2.4 Dodging
 - Level 2.4 Stealth
 - Level 3.0 Spellcasting
 + Level 4.0 Conjurations
 - Level 3.2 Fire Magic


You had 7 spell levels left.
You knew the following spells:

 Your Spells              Type           Power        Failure   Level
a - Foxfire               Conj/Fire      68%          3%          1

Your spell library contained the following spells:

 Spells                   Type           Power        Failure   Level
 Conjure Flame            Conj/Fire      17%          10%         3
 Inner Flame              Hex/Fire       9%           22%         3
 Sticky Flame             Conj/Fire      17%          32%         4
 Fireball                 Conj/Fire      8%           65%         5


Dungeon Overview and Level Annotations

Branches:
Dungeon (2/15)

Altars:


Message History

The gnoll is moderately wounded.
A rat comes into view.
You conjure some foxfire!
The gnoll misses you. The rat barely misses you.
The foxfire hits the gnoll.
The gnoll is heavily wounded.
The gnoll hits you but does no damage. The rat barely misses you.
You conjure some foxfire!
The gnoll hits you with a +0 club. The rat barely misses you.
The foxfire hits the gnoll but does no damage.
The gnoll is heavily wounded.
The rat barely misses you.
You hit the rat but do no damage. The gnoll hits you with a +0 club.
* * * LOW HITPOINT WARNING * * *
The gnoll closely misses you. The rat closely misses you.
You are too injured to fight recklessly!
Casting: Foxfire (safe; 3% risk of failure)
Press: ? - help, Q - select action Dir - look around, f - activate Nothing appears to happen.
The gnoll closely misses you. The gnoll hits you with a +0 club.
You die...

.....#.# ..[.
..#.. .....
####.)#......
#....<..#
....##w#### .
#.# #.# ###g#
#.g@#
#..##r.#
#...# .##
#... ## ##. .
##


You could see a worm, 2 gnolls and a rat.

Vanquished Creatures
  2 gnolls
  An adder (D:2)
  A dart slug (D:1)
  A leopard gecko (D:1)
  10 bats (D:1)
  3 goblins (D:1)
  A kobold (D:1)
  A ball python (D:1)
  3 frilled lizards (D:1)
  4 rats (D:1)
27 creatures vanquished.

Vanquished Creatures (others)
  72 foxfires
72 creatures vanquished.

Grand Total: 99 creatures vanquished

Notes
Turn   | Place    | Note
-------+----------+-------------------------------------------
     0 | D:1      | melloss the Deep Elf Fire Elementalist began the quest for
                  | the Orb.
     0 | D:1      | Reached XP level 1. HP: 10/10 MP: 6/6
   207 | D:1      | Reached skill level 2 in Conjurations
   305 | D:1      | Reached XP level 2. HP: 15/15 MP: 5/8
   600 | D:1      | Reached skill level 3 in Conjurations
   783 | D:1      | Reached XP level 3. HP: 19/19 MP: 4/9
  1232 | D:2      | Reached skill level 4 in Conjurations
  1244 | D:2      | Slain by a gnoll

Illustrated notes

Levels and vault maps discovered:
D:1:      saegor_arrival_simple_e, layout_loops_cross, nrook_uturn,
          minmay_close_crescents
D:2:      layout_rooms

Skill      XL: |  1  2  3 |
---------------+----------+-----
Conjurations   | 2 3 4 |  4.0
Dodging        | |  2.4
Stealth        | |  2.4
Spellcasting   | |  3.0
Fire Magic     | |  3.2

Action                   || total
-------------------------++-------
Melee: Unarmed           ||     8
 Cast: Foxfire           ||    50
 Stab: Sleeping          ||     1
Armor: Robe              ||     7
Dodge: Dodged            ||    33

Table legend: (Time is in decaauts)
 A = Elapsed time spent in this place.
 B = Non-inter-level travel time spent in this place.
 C = Inter-level travel time spent in this place.
 D = Time resting spent in this place.
 E = Time spent auto-exploring this place.
 F = Levels seen in this place.
 G = Mean time per level.
                   A        B        C        D        E       F      G
               +--------+--------+--------+--------+--------+-----+--------+
         Total |   1243 |   1234 |      9 |    200 |    738 |   2 |  621.5 |
       Dungeon |   1243 |   1234 |      9 |    200 |    738 |   2 |  621.5 |
               +--------+--------+--------+--------+--------+-----+--------+

Top non-repeatable levels by time:
     D:1: 1222 daAuts
     D:2: 20 daAuts
